Kings vs Blues

Created - 6 octobre 2019 at 17:32

Simulating a Pre-Season

Goals
1 2 3 T
Kings 1 1 3 5
Blues 2 0 1 3
Shots
1 2 3 T
Kings 8 6 11 25
Blues 9 10 20 39

1st period

1. Blues , Darnell Nurse 1 (Bo Horvat 6, Kyle Palmieri 5) at 2:53
2. Blues , Brad Marchand 1 (Dougie Hamilton 2, Justin Faulk 2) at 8:16 (PP)
3. Kings , Austin Watson 1 (Joe Pavelski 4, Jonathan Toews 5) at 13:01

Penalties :
Stephen Johns (LOS) for Holding (Minor) at 5:51, Brian Boyle (STL) for Fighting (Major) at 7:56, Stephen Johns (LOS) for Fighting (Major) at 7:56, Stephen Johns (LOS) for instigated a fight (Game Misconduct) at 7:56, Kyle Palmieri (STL) for Roughing (Minor) at 9:24, Dougie Hamilton (STL) for Tripping (Minor) at 9:45, Matt Duchene (STL) for Tripping (Minor) at 17:20

2nd period

4. Kings , Jonathan Toews 4 (Erik Johnson 3, Joe Pavelski 5) at 3:55

Penalties :
Madison Bowey (LOS) for Hooking (Minor) at 7:06

3rd period

5. Kings , Mikael Backlund 3 (Anthony Cirelli 4, Erik Johnson 4) at 5:24 (PP)
6. Kings , Joe Pavelski 5 (John Moore 4, Jonathan Toews 6) at 7:31
7. Kings , Travis Sanheim 1 (Oskar Sundqvist 1, Jonathan Toews 7) at 16:17 (PP)
8. Blues , Brian Boyle 3 (Kyle Turris 2) at 18:33

Penalties :
Brian Boyle (STL) for Roughing (Minor) at 4:34, John Moore (LOS) for Boarding (Minor) at 9:01, Kyle Palmieri (STL) for Roughing (Minor) at 16:09

Goalie Stats

David Rittich (LOS), 36 saves from 39 shots - (0.923), W, 4-1-1, 60:00 minutes
Carter Hart (STL), 20 saves from 25 shots - (0.800), L, 0-1-0, 60:00 minutes

Players Stats for Kings

Player Name              G  A  P  +/- PIM S  H  SB GA TA FO     MP     PP MP  PK MP  
------------------------------------------------------------------------------------
Anthony Cirelli          0  1  1  -1  0   5  2  0  0  0  7/15   16:53   2:00   1:52 
Austin Watson            1  0  1   1  0   1  1  0  0  0  3/3     5:41   0:00   0:00 
Erik Johnson             0  2  2   2  0   3  0  2  0  0  0/0    25:00   1:51   3:49 
Joe Pavelski             1  2  3   3  0   4  0  0  0  0  0/1    26:13   2:56   4:16 
John Moore               0  1  1   2  2   1  2  1  0  0  0/0    24:49   1:46   2:14 
Jonathan Toews           1  3  4   3  0   2  1  0  0  0  21/35  26:10   2:56   4:13 
Klas Dahlbeck            0  0  0  -1  0   0  3  2  0  0  0/0    22:23   1:16   3:51 
Lucas Wallmark           0  0  0   0  0   0  0  0  0  0  0/0     0:10   0:00   0:00 
Madison Bowey            0  0  0  -1  2   0  1  1  0  0  0/0    21:43   1:52   0:12 
Mark Jankowski           0  0  0  -1  0   2  0  0  0  0  0/0    16:45   0:00   0:00 
Mikael Backlund          1  0  1  -1  0   2  0  1  0  0  14/27  19:34   2:00   1:24 
Nick Bjugstad            0  0  0  -1  0   1  2  0  0  0  0/1    18:10   2:00   0:00 
Oskar Sundqvist          0  1  1   2  0   1  3  1  0  0  2/2    17:12   2:56   0:00 
Patrik Berglund          0  0  0  -1  0   0  0  0  0  0  1/2    13:36   0:00   0:00 
Ryan Strome              0  0  0  -1  0   2  1  0  0  0  3/3    14:38   0:00   1:02 
Stephen Johns            0  0  0   0  19  0  1  0  0  0  0/0     2:15   0:00   0:00 
Travis Sanheim           1  0  1   0  0   1  2  2  0  0  0/0    22:22   3:07   2:10 
Victor Rask              0  0  0   0  0   0  0  0  0  0  0/0     0:05   0:00   0:05 

Players Stats for Blues

Player Name              G  A  P  +/- PIM S  H  SB GA TA FO     MP     PP MP  PK MP  
------------------------------------------------------------------------------------
Alex Killorn             0  0  0   0  0   2  1  0  0  0  0/0    13:52   0:00   2:52 
Bo Horvat                0  1  1   1  0   3  1  0  0  0  10/22  19:32   3:19   0:00 
Brad Marchand            1  0  1  -2  0   5  2  0  0  0  0/1    19:57   2:58   0:08 
Brian Boyle              1  0  1   1  7   1  1  0  0  0  0/1    10:37   0:00   0:18 
Carter Verhaeghe         0  0  0   0  0   1  1  0  0  0  0/1     5:41   0:00   0:45 
Colin Miller             0  0  0   0  0   0  1  1  0  0  0/0    13:21   0:00   0:37 
Darnell Nurse            1  0  1   1  0   1  4  3  0  0  0/0    21:34   4:08   1:51 
Dougie Hamilton          0  1  1   1  2   3  3  1  0  0  0/0    20:06   2:09   2:03 
Drake Batherson          0  0  0   0  0   0  0  0  0  0  0/0     4:56   0:00   0:00 
Justin Faulk             0  1  1  -2  0   2  5  3  0  0  0/0    24:22   2:09   2:04 
Kyle Palmieri            0  1  1   1  4   3  5  0  0  0  0/1    19:30   3:19   0:00 
Kyle Turris              0  1  1   0  0   0  0  1  0  0  4/12   11:00   0:00   0:00 
Matt Duchene             0  0  0   1  2   2  0  0  0  0  4/6    19:10   2:58   0:00 
Mikko Rantanen           0  0  0  -3  0   3  2  0  0  0  0/0    20:02   2:58   0:00 
Nate Thompson            0  0  0   0  0   0  0  0  0  0  6/13    8:30   0:00   3:34 
Niklas Kronwall          0  0  0   0  0   1  1  2  0  0  0/0    14:59   0:00   2:15 
Sean Couturier           0  0  0  -2  0   7  2  0  0  0  14/32  20:34   3:19   0:37 
Seth Jones               0  0  0  -2  0   5  0  2  0  0  0/0    25:37   4:08   1:01 

3 Stars

1 - Jonathan Toews (LOS)
2 - Joe Pavelski (LOS)
3 - Erik Johnson (LOS)

Power Play

Kings - 2 on 5 Attempt(s) - 40.00%
Blues - 1 on 4 Attempt(s) - 25.00%

Penalty Kill

Kings - 3 on 4 Attempt(s) - 75.00% - Score 0 goal in Penalty Kill
Blues - 3 on 5 Attempt(s) - 60.00% - Score 0 goal in Penalty Kill

Team Stat

Kings - Hits : 19 - Faceoff Wins : 51 - Blocked Shots : 10 - Penalty Minutes : 23
Blues - Hits : 29 - Faceoff Wins : 38 - Blocked Shots : 13 - Penalty Minutes : 15

Official

Referees : Evgeny Romasko and Ian Walsh
Linesman : Shandor Alphonso and John Grandt

Game Notes

Brian Boyle and Stephen Johns fight to a draw at 7:56 of 1st period
Stephen Johns ejected from game at 7:56 of 1st period
Stephen Johns from Kings is suspended for 3 game(s)

% Time on Ice - Kings

Lines # - Real PCT - Wanted PCT - Time Play
Normal Forward
1 - 29% - 40% - 14:16
2 - 33% - 30% - 16:10
3 - 28% - 20% - 13:36
4 - 10% - 10% - 4:45
Normal Defense
1 - 38% - 40% - 18:19
2 - 38% - 30% - 18:22
3 - 25% - 20% - 12:06
4 - 0% - 10% - 0:00
PP Forward
1 - 59% - 60% - 2:56
2 - 41% - 40% - 2:00
PP Defense
1 - 25% - 60% - 1:15
2 - 75% - 40% - 3:41
PK Forward
1 - 78% - 60% - 4:53
2 - 22% - 40% - 1:24
PK Defense
1 - 51% - 60% - 3:11
2 - 49% - 40% - 3:06
PK3 Forward
1 - 0% - 60%
2 - 0% - 40%
PK3 Defense
1 - 0% - 60%
2 - 0% - 40%
44 Forward
1 - 0% - 60%
2 - 0% - 40%
44 Defense
1 - 0% - 60%
2 - 0% - 40%
Last Minute Offensive  - 0:00
Last Minute Defensive  - 0:00
Total
Forward - 60:00
Defense - 60:00

% Time on Ice - Blues

Lines # - Real PCT - Wanted PCT - Time Play
Normal Forward
1 - 34% - 35% - 16:38
2 - 33% - 35% - 16:13
3 - 23% - 22% - 11:00
4 - 10% - 8% - 4:56
Normal Defense
1 - 40% - 39% - 19:24
2 - 32% - 33% - 15:35
3 - 26% - 21% - 12:44
4 - 2% - 7% - 1:04
PP Forward
1 - 53% - 60% - 3:19
2 - 47% - 40% - 2:58
PP Defense
1 - 66% - 75% - 4:08
2 - 34% - 25% - 2:09
PK Forward
1 - 85% - 60% - 2:48
2 - 15% - 40% - 0:30
PK Defense
1 - 37% - 60% - 1:14
2 - 63% - 40% - 2:04
PK3 Forward
1 - 62% - 60% - 1:01
2 - 38% - 40% - 0:37
PK3 Defense
1 - 62% - 60% - 1:01
2 - 38% - 40% - 0:37
44 Forward
1 - 0% - 60%
2 - 0% - 40%
44 Defense
1 - 0% - 60%
2 - 0% - 40%
Last Minute Offensive  - 0:00
Last Minute Defensive  - 0:00
Total
Forward - 60:00
Defense - 60:00

Play-by-Play

1st period


0:01 of 1st period - Jonathan Toews wins face-off versus Sean Couturier in neutral zone.
0:39 of 1st period - Shot by Jonathan Toews.
0:39 of 1st period - Shot Misses the Net.
1:23 of 1st period - Nick Bjugstad is hit by Dougie Hamilton and loses puck.
1:27 of 1st period - Icing by Dougie Hamilton.
1:28 of 1st period - Ryan Strome wins face-off versus Bo Horvat in Blues zone.
1:32 of 1st period - Ryan Strome is hit by Dougie Hamilton and loses puck.
1:41 of 1st period - Shot by Anthony Cirelli.
1:41 of 1st period - Stopped by Carter Hart without a rebound.
1:42 of 1st period - Kyle Turris wins face-off versus Mikael Backlund in Blues zone.
1:48 of 1st period - Off-side.
1:49 of 1st period - Kyle Turris wins face-off versus Anthony Cirelli in neutral zone.
2:23 of 1st period - Niklas Kronwall is hit by Ryan Strome and loses puck.
2:51 of 1st period - Shot by Bo Horvat.
2:51 of 1st period - Shot Misses the Net.
2:53 of 1st period - Shot by Darnell Nurse.
2:53 of 1st period - Goal by Darnell Nurse - Kings : 0 - Blues : 1.
2:54 of 1st period - Nate Thompson wins face-off versus Mikael Backlund in neutral zone.
3:36 of 1st period - Icing by Mark Jankowski.
3:37 of 1st period - Bo Horvat wins face-off versus Mikael Backlund in Kings zone.
3:54 of 1st period - Shot by Jonathan Toews.
3:54 of 1st period - Shot Misses the Net.
3:59 of 1st period - Shot by Oskar Sundqvist.
3:59 of 1st period - Shot Misses the Net.
4:09 of 1st period - Shot by Jonathan Toews.
4:09 of 1st period - Shot Blocked by Darnell Nurse.
4:17 of 1st period - Shot by Jonathan Toews.
4:17 of 1st period - Shot Misses the Net.
4:19 of 1st period - Shot by John Moore.
4:19 of 1st period - Shot Misses the Net.
4:21 of 1st period - Shot by Oskar Sundqvist.
4:21 of 1st period - Deflect By Jonathan Toews.
4:21 of 1st period - Shot Blocked by Darnell Nurse.
4:25 of 1st period - Shot by Jonathan Toews.
4:25 of 1st period - Shot Misses the Net.
4:27 of 1st period - Shot by John Moore.
4:27 of 1st period - Stopped by Carter Hart with a rebound.
4:29 of 1st period - Shot by Erik Johnson.
4:29 of 1st period - Stopped by Carter Hart without a rebound.
4:30 of 1st period - Sean Couturier wins face-off versus Anthony Cirelli in Blues zone.
4:49 of 1st period - Colin Miller is hit by Anthony Cirelli.
5:20 of 1st period - Icing by Travis Sanheim.
5:21 of 1st period - Mikael Backlund wins face-off versus Kyle Turris in Kings zone.
5:51 of 1st period - Minor Penalty to Stephen Johns for Holding.
5:52 of 1st period - Sean Couturier wins face-off versus Jonathan Toews in Kings zone.
5:57 of 1st period - Shot by Darnell Nurse.
5:57 of 1st period - Shot Misses the Net.
7:54 of 1st period - Kyle Turris is hit by Stephen Johns and loses puck.
7:56 of 1st period - Brian Boyle and Stephen Johns fight to a draw.
7:56 of 1st period - Penalty to Brian Boyle for Fighting.
7:56 of 1st period - Penalty to Stephen Johns for Fighting.
7:56 of 1st period - Penalty to Stephen Johns for instigated a fight.
7:56 of 1st period - Stephen Johns is ejected from game.
7:57 of 1st period - Matt Duchene wins face-off versus Jonathan Toews in Kings zone.
8:16 of 1st period - Shot by Brad Marchand.
8:16 of 1st period - Goal by Brad Marchand - Kings : 0 - Blues : 2.
8:17 of 1st period - Patrik Berglund wins face-off versus Kyle Turris in neutral zone.
8:29 of 1st period - Shot by Brad Marchand.
8:29 of 1st period - Stopped by David Rittich without a rebound.
8:30 of 1st period - Mikael Backlund wins face-off versus Nate Thompson in Kings zone.
8:57 of 1st period - Shot by Mark Jankowski.
8:57 of 1st period - Shot Blocked by Colin Miller.
8:59 of 1st period - Shot by Nick Bjugstad.
8:59 of 1st period - Stopped by Carter Hart without a rebound.
9:00 of 1st period - Bo Horvat wins face-off versus Anthony Cirelli in Blues zone.
9:24 of 1st period - Minor Penalty to Kyle Palmieri for Roughing.
9:25 of 1st period - Nate Thompson wins face-off versus Jonathan Toews in Blues zone.
9:45 of 1st period - Minor Penalty to Dougie Hamilton for Tripping.
9:46 of 1st period - Mikael Backlund wins face-off versus Nate Thompson in Blues zone.
9:47 of 1st period - Shot by Nick Bjugstad.
9:47 of 1st period - Shot Misses the Net.
9:49 of 1st period - Shot by Anthony Cirelli.
9:49 of 1st period - Shot Blocked by Seth Jones.
10:05 of 1st period - Shot by Travis Sanheim.
10:05 of 1st period - Shot Misses the Net.
10:07 of 1st period - Shot by Mikael Backlund.
10:07 of 1st period - Shot Misses the Net.
10:09 of 1st period - Shot by Mikael Backlund.
10:09 of 1st period - Shot Blocked by Niklas Kronwall.
10:48 of 1st period - Shot by Erik Johnson.
10:48 of 1st period - Stopped by Carter Hart without a rebound.
10:49 of 1st period - Sean Couturier wins face-off versus Jonathan Toews in Blues zone.
11:18 of 1st period - Shot by Jonathan Toews.
11:18 of 1st period - Shot Blocked by Niklas Kronwall.
12:29 of 1st period - Shot by Sean Couturier.
12:29 of 1st period - Stopped by David Rittich with a rebound.
12:31 of 1st period - Shot by Brad Marchand.
12:31 of 1st period - Stopped by David Rittich with a rebound.
12:33 of 1st period - Shot by Sean Couturier.
12:33 of 1st period - Deflect By Mikko Rantanen.
12:33 of 1st period - Shot Blocked by Klas Dahlbeck.
12:35 of 1st period - Shot by Sean Couturier.
12:35 of 1st period - Stopped by David Rittich without a rebound.
12:36 of 1st period - Austin Watson wins face-off versus Kyle Turris in Kings zone.
12:59 of 1st period - Shot by Joe Pavelski.
12:59 of 1st period - Shot Misses the Net.
13:01 of 1st period - Shot by Austin Watson.
13:01 of 1st period - Goal by Austin Watson - Kings : 1 - Blues : 2.
13:02 of 1st period - Nate Thompson wins face-off versus Anthony Cirelli in neutral zone.
13:23 of 1st period - Anthony Cirelli is hit by Carter Verhaeghe and loses puck.
14:08 of 1st period - Shot by Kyle Palmieri.
14:08 of 1st period - Shot Misses the Net.
14:22 of 1st period - Shot by Joe Pavelski.
14:22 of 1st period - Deflect By Jonathan Toews.
14:22 of 1st period - Shot Misses the Net.
14:35 of 1st period - Off-side.
14:36 of 1st period - Mikael Backlund wins face-off versus Sean Couturier in neutral zone.
14:51 of 1st period - Shot by Nick Bjugstad.
14:51 of 1st period - Shot Misses the Net.
15:02 of 1st period - Icing by Colin Miller.
15:03 of 1st period - Sean Couturier wins face-off versus Jonathan Toews in Blues zone.
15:18 of 1st period - Shot by Sean Couturier.
15:18 of 1st period - Shot Misses the Net.
15:20 of 1st period - Shot by Niklas Kronwall.
15:20 of 1st period - Stopped by David Rittich with a rebound.
16:15 of 1st period - Icing by Seth Jones.
16:16 of 1st period - Kyle Turris wins face-off versus Mikael Backlund in Blues zone.
16:44 of 1st period - Nick Bjugstad is hit by Dougie Hamilton and loses puck.
16:53 of 1st period - Shot by Dougie Hamilton.
16:53 of 1st period - Stopped by David Rittich without a rebound.
16:54 of 1st period - Anthony Cirelli wins face-off versus Sean Couturier in Kings zone.
16:54 of 1st period - Anthony Cirelli is hit by Sean Couturier.
17:19 of 1st period - Shot by Brad Marchand.
17:19 of 1st period - Stopped by David Rittich without a rebound.
17:20 of 1st period - Mikael Backlund wins face-off versus Bo Horvat in Kings zone.
17:20 of 1st period - Minor Penalty to Matt Duchene for Tripping.
17:21 of 1st period - Mikael Backlund wins face-off versus Nate Thompson in Blues zone.
17:24 of 1st period - Shot by Anthony Cirelli.
17:24 of 1st period - Stopped by Carter Hart with a rebound.
17:26 of 1st period - Shot by Nick Bjugstad.
17:26 of 1st period - Shot Misses the Net.
18:14 of 1st period - Shot by Erik Johnson.
18:14 of 1st period - Stopped by Carter Hart without a rebound.
18:15 of 1st period - Oskar Sundqvist wins face-off versus Carter Verhaeghe in Blues zone.
18:56 of 1st period - Shot by Nick Bjugstad.
18:56 of 1st period - Deflect By Anthony Cirelli.
18:56 of 1st period - Shot Misses the Net.
18:58 of 1st period - Shot by Mikael Backlund.
18:58 of 1st period - Shot Misses the Net.
19:12 of 1st period - Shot by Mikael Backlund.
19:12 of 1st period - Shot Misses the Net.
19:14 of 1st period - Shot by John Moore.
19:14 of 1st period - Shot Misses the Net.
19:41 of 1st period - Ryan Strome is hit by Kyle Palmieri and loses puck.
19:54 of 1st period - Icing by Colin Miller.
19:55 of 1st period - Jonathan Toews wins face-off versus Bo Horvat in Blues zone.
19:55 of 1st period - Jonathan Toews is hit by Colin Miller.
Goals for this period are 1 for Kings vs 2 for Blues.
Shots for this period are 8 for Kings vs 9 for Blues.

2nd period


0:01 of 2nd period - Jonathan Toews wins face-off versus Sean Couturier in neutral zone.
0:08 of 2nd period - Shot by Oskar Sundqvist.
0:08 of 2nd period - Shot Blocked by Seth Jones.
0:39 of 2nd period - Shot by Joe Pavelski.
0:39 of 2nd period - Stopped by Carter Hart without a rebound.
0:40 of 2nd period - Bo Horvat wins face-off versus Mikael Backlund in Blues zone.
0:47 of 2nd period - Shot by Matt Duchene.
0:47 of 2nd period - Stopped by David Rittich with a rebound.
1:05 of 2nd period - Shot by Dougie Hamilton.
1:05 of 2nd period - Stopped by David Rittich with a rebound.
1:17 of 2nd period - Shot by Bo Horvat.
1:17 of 2nd period - Shot Blocked by Madison Bowey.
1:40 of 2nd period - Icing by Travis Sanheim.
1:41 of 2nd period - Sean Couturier wins face-off versus Nick Bjugstad in Kings zone.
1:41 of 2nd period - Justin Faulk is hit by Madison Bowey and loses puck.
2:00 of 2nd period - Icing by Madison Bowey.
2:01 of 2nd period - Mikael Backlund wins face-off versus Brian Boyle in Kings zone.
2:01 of 2nd period - Mikael Backlund is hit by Alex Killorn.
2:16 of 2nd period - Brian Boyle is hit by Travis Sanheim and loses puck.
2:58 of 2nd period - Shot by Sean Couturier.
2:58 of 2nd period - Stopped by David Rittich without a rebound.
2:59 of 2nd period - Bo Horvat wins face-off versus Jonathan Toews in Kings zone.
3:14 of 2nd period - Shot by Joe Pavelski.
3:14 of 2nd period - Shot Blocked by Darnell Nurse.
3:16 of 2nd period - Shot by Erik Johnson.
3:16 of 2nd period - Shot Hit the Post.
3:21 of 2nd period - Icing by Dougie Hamilton.
3:22 of 2nd period - Anthony Cirelli wins face-off versus Bo Horvat in Blues zone.
3:22 of 2nd period - Patrik Berglund is hit by Darnell Nurse and loses puck.
3:31 of 2nd period - Shot by Ryan Strome.
3:31 of 2nd period - Shot Misses the Net.
3:45 of 2nd period - Shot by Ryan Strome.
3:45 of 2nd period - Stopped by Carter Hart without a rebound.
3:46 of 2nd period - Jonathan Toews wins face-off versus Sean Couturier in Blues zone.
3:55 of 2nd period - Shot by Jonathan Toews.
3:55 of 2nd period - Goal by Jonathan Toews - Kings : 2 - Blues : 2.
3:56 of 2nd period - Jonathan Toews wins face-off versus Sean Couturier in neutral zone.
3:56 of 2nd period - Jonathan Toews is hit by Brad Marchand.
4:00 of 2nd period - Shot by Joe Pavelski.
4:00 of 2nd period - Stopped by Carter Hart without a rebound.
4:01 of 2nd period - Jonathan Toews wins face-off versus Sean Couturier in Blues zone.
4:03 of 2nd period - Joe Pavelski is hit by Justin Faulk and loses puck.
4:16 of 2nd period - Shot by Mikko Rantanen.
4:16 of 2nd period - Shot Misses the Net.
4:28 of 2nd period - Shot by Oskar Sundqvist.
4:28 of 2nd period - Shot Misses the Net.
4:58 of 2nd period - Icing by Klas Dahlbeck.
4:59 of 2nd period - Bo Horvat wins face-off versus Patrik Berglund in Kings zone.
6:01 of 2nd period - Shot by Alex Killorn.
6:01 of 2nd period - Shot Misses the Net.
6:03 of 2nd period - Shot by Alex Killorn.
6:03 of 2nd period - Stopped by David Rittich without a rebound.
6:04 of 2nd period - Nate Thompson wins face-off versus Jonathan Toews in Kings zone.
7:06 of 2nd period - Minor Penalty to Madison Bowey for Hooking.
7:07 of 2nd period - Jonathan Toews wins face-off versus Sean Couturier in Kings zone.
7:40 of 2nd period - Shot by Seth Jones.
7:40 of 2nd period - Stopped by David Rittich without a rebound.
7:41 of 2nd period - Ryan Strome wins face-off versus Matt Duchene in Kings zone.
7:41 of 2nd period - Ryan Strome is hit by Mikko Rantanen.
8:09 of 2nd period - Shot by Mikko Rantanen.
8:09 of 2nd period - Stopped by David Rittich with a rebound.
8:11 of 2nd period - Shot by Justin Faulk.
8:11 of 2nd period - Stopped by David Rittich without a rebound.
8:12 of 2nd period - Mikael Backlund wins face-off versus Sean Couturier in Kings zone.
8:12 of 2nd period - Mikael Backlund is hit by Kyle Palmieri.
8:26 of 2nd period - Shot by Kyle Palmieri.
8:26 of 2nd period - Stopped by David Rittich without a rebound.
8:27 of 2nd period - Matt Duchene wins face-off versus Jonathan Toews in Kings zone.
8:34 of 2nd period - Shot by Mikko Rantanen.
8:34 of 2nd period - Shot Blocked by Travis Sanheim.
10:26 of 2nd period - Icing by Niklas Kronwall.
10:27 of 2nd period - Jonathan Toews wins face-off versus Kyle Turris in Blues zone.
10:44 of 2nd period - Alex Killorn is hit by Klas Dahlbeck and loses puck.
10:54 of 2nd period - Icing by Jonathan Toews.
10:55 of 2nd period - Sean Couturier wins face-off versus Jonathan Toews in Kings zone.
11:03 of 2nd period - Icing by Jonathan Toews.
11:04 of 2nd period - Jonathan Toews wins face-off versus Sean Couturier in Kings zone.
11:23 of 2nd period - Shot by Mikko Rantanen.
11:23 of 2nd period - Shot Misses the Net.
11:49 of 2nd period - Shot by Sean Couturier.
11:49 of 2nd period - Shot Misses the Net.
12:03 of 2nd period - Kyle Palmieri is hit by Jonathan Toews and loses puck.
12:36 of 2nd period - Shot by Bo Horvat.
12:36 of 2nd period - Shot Misses the Net.
13:07 of 2nd period - Shot by Ryan Strome.
13:07 of 2nd period - Shot Blocked by Dougie Hamilton.
13:13 of 2nd period - Shot by Ryan Strome.
13:13 of 2nd period - Shot Misses the Net.
13:25 of 2nd period - Shot by Ryan Strome.
13:25 of 2nd period - Stopped by Carter Hart without a rebound.
13:26 of 2nd period - Sean Couturier wins face-off versus Mikael Backlund in Blues zone.
13:54 of 2nd period - Sean Couturier is hit by John Moore and loses puck.
14:33 of 2nd period - Shot by Ryan Strome.
14:33 of 2nd period - Shot Misses the Net.
14:35 of 2nd period - Shot by Patrik Berglund.
14:35 of 2nd period - Shot Blocked by Kyle Turris.
14:37 of 2nd period - Shot by Patrik Berglund.
14:37 of 2nd period - Shot Misses the Net.
14:39 of 2nd period - Shot by Anthony Cirelli.
14:39 of 2nd period - Stopped by Carter Hart without a rebound.
14:40 of 2nd period - Nate Thompson wins face-off versus Joe Pavelski in Blues zone.
15:13 of 2nd period - Shot by Carter Verhaeghe.
15:13 of 2nd period - Shot Misses the Net.
15:37 of 2nd period - Shot by Seth Jones.
15:37 of 2nd period - Stopped by David Rittich without a rebound.
15:38 of 2nd period - Anthony Cirelli wins face-off versus Sean Couturier in Kings zone.
16:07 of 2nd period - Shot by Mikko Rantanen.
16:07 of 2nd period - Stopped by David Rittich with a rebound.
16:34 of 2nd period - Off-side.
16:35 of 2nd period - Bo Horvat wins face-off versus Mikael Backlund in neutral zone.
16:42 of 2nd period - Shot by Bo Horvat.
16:42 of 2nd period - Shot Blocked by Erik Johnson.
16:52 of 2nd period - Seth Jones is hit by Nick Bjugstad.
17:04 of 2nd period - Shot by Kyle Palmieri.
17:04 of 2nd period - Shot Blocked by John Moore.
17:06 of 2nd period - Shot by Bo Horvat.
17:06 of 2nd period - Shot Misses the Net.
19:18 of 2nd period - Shot by Brad Marchand.
19:18 of 2nd period - Shot Misses the Net.
Goals for this period are 1 for Kings vs 0 for Blues.
Shots for this period are 6 for Kings vs 10 for Blues.

3rd period


0:01 of 3rd period - Jonathan Toews wins face-off versus Bo Horvat in neutral zone.
0:18 of 3rd period - Bo Horvat is hit by John Moore and loses puck.
1:04 of 3rd period - Sean Couturier is hit by Klas Dahlbeck and loses puck.
1:27 of 3rd period - Mark Jankowski is hit by Darnell Nurse and loses puck.
1:36 of 3rd period - Shot by Nick Bjugstad.
1:36 of 3rd period - Shot Misses the Net.
1:38 of 3rd period - Shot by Mark Jankowski.
1:38 of 3rd period - Stopped by Carter Hart with a rebound.
2:36 of 3rd period - Justin Faulk is hit by Austin Watson and loses puck.
3:29 of 3rd period - Icing by Niklas Kronwall.
3:30 of 3rd period - Mikael Backlund wins face-off versus Bo Horvat in Blues zone.
3:30 of 3rd period - Mikael Backlund is hit by Niklas Kronwall.
3:38 of 3rd period - Shot by Mark Jankowski.
3:38 of 3rd period - Stopped by Carter Hart without a rebound.
3:39 of 3rd period - Anthony Cirelli wins face-off versus Nate Thompson in Blues zone.
3:50 of 3rd period - Shot by Anthony Cirelli.
3:50 of 3rd period - Stopped by Carter Hart without a rebound.
3:51 of 3rd period - Bo Horvat wins face-off versus Mikael Backlund in Blues zone.
4:18 of 3rd period - Shot by Matt Duchene.
4:18 of 3rd period - Shot Misses the Net.
4:20 of 3rd period - Shot by Kyle Palmieri.
4:20 of 3rd period - Stopped by David Rittich with a rebound.
4:22 of 3rd period - Shot by Seth Jones.
4:22 of 3rd period - Shot Blocked by Mikael Backlund.
4:24 of 3rd period - Shot by Justin Faulk.
4:24 of 3rd period - Stopped by David Rittich without a rebound.
4:25 of 3rd period - Anthony Cirelli wins face-off versus Kyle Turris in Kings zone.
4:25 of 3rd period - Anthony Cirelli is hit by Brian Boyle.
4:34 of 3rd period - Minor Penalty to Brian Boyle for Roughing.
4:35 of 3rd period - Jonathan Toews wins face-off versus Nate Thompson in Blues zone.
5:24 of 3rd period - Shot by Mikael Backlund.
5:24 of 3rd period - Goal by Mikael Backlund - Kings : 3 - Blues : 2.
5:25 of 3rd period - Bo Horvat wins face-off versus Anthony Cirelli in neutral zone.
5:32 of 3rd period - Shot by Kyle Palmieri.
5:32 of 3rd period - Shot Misses the Net.
5:34 of 3rd period - Shot by Seth Jones.
5:34 of 3rd period - Stopped by David Rittich without a rebound.
5:35 of 3rd period - Mikael Backlund wins face-off versus Sean Couturier in Kings zone.
5:35 of 3rd period - Erik Johnson is hit by Mikko Rantanen.
5:40 of 3rd period - Mark Jankowski is hit by Justin Faulk and loses puck.
6:02 of 3rd period - Off-side.
6:03 of 3rd period - Matt Duchene wins face-off versus Anthony Cirelli in neutral zone.
6:14 of 3rd period - Shot by Kyle Palmieri.
6:14 of 3rd period - Deflect By Bo Horvat.
6:14 of 3rd period - Shot Hit the Post.
6:16 of 3rd period - Shot by Bo Horvat.
6:16 of 3rd period - Stopped by David Rittich with a rebound.
6:18 of 3rd period - Shot by Dougie Hamilton.
6:18 of 3rd period - Shot Misses the Net.
6:20 of 3rd period - Shot by Dougie Hamilton.
6:20 of 3rd period - Stopped by David Rittich without a rebound.
6:21 of 3rd period - Jonathan Toews wins face-off versus Kyle Turris in Kings zone.
6:43 of 3rd period - Shot by Jonathan Toews.
6:43 of 3rd period - Stopped by Carter Hart without a rebound.
6:44 of 3rd period - Mikael Backlund wins face-off versus Bo Horvat in Blues zone.
6:53 of 3rd period - Shot by Matt Duchene.
6:53 of 3rd period - Stopped by David Rittich without a rebound.
6:54 of 3rd period - Jonathan Toews wins face-off versus Brad Marchand in Kings zone.
7:23 of 3rd period - Oskar Sundqvist is hit by Justin Faulk.
7:31 of 3rd period - Shot by Joe Pavelski.
7:31 of 3rd period - Goal by Joe Pavelski - Kings : 4 - Blues : 2.
7:32 of 3rd period - Bo Horvat wins face-off versus Mikael Backlund in neutral zone.
7:40 of 3rd period - Off-side.
7:41 of 3rd period - Ryan Strome wins face-off versus Bo Horvat in neutral zone.
7:43 of 3rd period - Travis Sanheim is hit by Kyle Palmieri and loses puck.
8:03 of 3rd period - Ryan Strome is hit by Darnell Nurse and loses puck.
8:16 of 3rd period - Shot by Bo Horvat.
8:16 of 3rd period - Shot Misses the Net.
8:21 of 3rd period - Matt Duchene is hit by Travis Sanheim and loses puck.
8:35 of 3rd period - Icing by Anthony Cirelli.
8:36 of 3rd period - Sean Couturier wins face-off versus Anthony Cirelli in Kings zone.
8:49 of 3rd period - Justin Faulk is hit by Anthony Cirelli and loses puck.
9:01 of 3rd period - Minor Penalty to John Moore for Boarding.
9:02 of 3rd period - Sean Couturier wins face-off versus Jonathan Toews in Kings zone.
9:02 of 3rd period - Bo Horvat is hit by Klas Dahlbeck and loses puck.
9:30 of 3rd period - Shot by Kyle Palmieri.
9:30 of 3rd period - Stopped by David Rittich without a rebound.
9:31 of 3rd period - Jonathan Toews wins face-off versus Matt Duchene in Kings zone.
9:55 of 3rd period - Shot by Mikko Rantanen.
9:55 of 3rd period - Stopped by David Rittich without a rebound.
9:56 of 3rd period - Sean Couturier wins face-off versus Jonathan Toews in Kings zone.
10:05 of 3rd period - Shot by Seth Jones.
10:05 of 3rd period - Stopped by David Rittich without a rebound.
10:06 of 3rd period - Matt Duchene wins face-off versus Mikael Backlund in Kings zone.
10:21 of 3rd period - Shot by Seth Jones.
10:21 of 3rd period - Stopped by David Rittich without a rebound.
10:22 of 3rd period - Sean Couturier wins face-off versus Mikael Backlund in Kings zone.
10:27 of 3rd period - Shot by Sean Couturier.
10:27 of 3rd period - Stopped by David Rittich without a rebound.
10:28 of 3rd period - Sean Couturier wins face-off versus Jonathan Toews in Kings zone.
10:29 of 3rd period - Shot by Seth Jones.
10:29 of 3rd period - Shot Blocked by Klas Dahlbeck.
10:31 of 3rd period - Shot by Sean Couturier.
10:31 of 3rd period - Stopped by David Rittich without a rebound.
10:32 of 3rd period - Sean Couturier wins face-off versus Jonathan Toews in Kings zone.
10:37 of 3rd period - Shot by Sean Couturier.
10:37 of 3rd period - Shot Blocked by Erik Johnson.
10:39 of 3rd period - Shot by Sean Couturier.
10:39 of 3rd period - Stopped by David Rittich without a rebound.
10:40 of 3rd period - Jonathan Toews wins face-off versus Sean Couturier in Kings zone.
10:46 of 3rd period - Icing by Bo Horvat.
10:47 of 3rd period - Jonathan Toews wins face-off versus Sean Couturier in Blues zone.
11:06 of 3rd period - Shot by Bo Horvat.
11:06 of 3rd period - Stopped by David Rittich without a rebound.
11:07 of 3rd period - Mikael Backlund wins face-off versus Kyle Turris in Kings zone.
11:22 of 3rd period - Justin Faulk is hit by Nick Bjugstad and loses puck.
11:31 of 3rd period - Shot by Alex Killorn.
11:31 of 3rd period - Stopped by David Rittich without a rebound.
11:32 of 3rd period - Jonathan Toews wins face-off versus Bo Horvat in Kings zone.
11:32 of 3rd period - Jonathan Toews is hit by Kyle Palmieri.
11:50 of 3rd period - Shot by Joe Pavelski.
11:50 of 3rd period - Shot Misses the Net.
11:57 of 3rd period - Icing by Darnell Nurse.
11:58 of 3rd period - Mikael Backlund wins face-off versus Bo Horvat in Blues zone.
12:01 of 3rd period - Shot by Mikael Backlund.
12:01 of 3rd period - Stopped by Carter Hart without a rebound.
12:02 of 3rd period - Sean Couturier wins face-off versus Mikael Backlund in Blues zone.
12:36 of 3rd period - Icing by Seth Jones.
12:37 of 3rd period - Jonathan Toews wins face-off versus Sean Couturier in Blues zone.
12:42 of 3rd period - Shot by Jonathan Toews.
12:42 of 3rd period - Shot Misses the Net.
12:44 of 3rd period - Shot by Joe Pavelski.
12:44 of 3rd period - Stopped by Carter Hart without a rebound.
12:45 of 3rd period - Oskar Sundqvist wins face-off versus Kyle Palmieri in Blues zone.
13:06 of 3rd period - Shot by Kyle Palmieri.
13:06 of 3rd period - Shot Misses the Net.
13:14 of 3rd period - Shot by Joe Pavelski.
13:14 of 3rd period - Shot Misses the Net.
13:16 of 3rd period - Shot by Joe Pavelski.
13:16 of 3rd period - Shot Misses the Net.
13:18 of 3rd period - Shot by Oskar Sundqvist.
13:18 of 3rd period - Deflect By Joe Pavelski.
13:18 of 3rd period - Shot Misses the Net.
14:04 of 3rd period - Shot by Mikko Rantanen.
14:04 of 3rd period - Deflect By Brad Marchand.
14:04 of 3rd period - Shot Misses the Net.
14:10 of 3rd period - Shot by Brad Marchand.
14:10 of 3rd period - Stopped by David Rittich without a rebound.
14:11 of 3rd period - Kyle Turris wins face-off versus Anthony Cirelli in Kings zone.
14:12 of 3rd period - Shot by Brian Boyle.
14:12 of 3rd period - Shot Blocked by Travis Sanheim.
14:38 of 3rd period - Shot by Ryan Strome.
14:38 of 3rd period - Deflect By Anthony Cirelli.
14:38 of 3rd period - Stopped by Carter Hart without a rebound.
14:39 of 3rd period - Nate Thompson wins face-off versus Jonathan Toews in Blues zone.
14:39 of 3rd period - Nate Thompson is hit by Oskar Sundqvist.
14:49 of 3rd period - Shot by Jonathan Toews.
14:49 of 3rd period - Shot Misses the Net.
14:51 of 3rd period - Shot by Joe Pavelski.
14:51 of 3rd period - Shot Misses the Net.
14:53 of 3rd period - Shot by Oskar Sundqvist.
14:53 of 3rd period - Stopped by Carter Hart without a rebound.
14:54 of 3rd period - Bo Horvat wins face-off versus Mikael Backlund in Blues zone.
15:03 of 3rd period - Shot by Bo Horvat.
15:03 of 3rd period - Shot Misses the Net.
15:05 of 3rd period - Shot by Bo Horvat.
15:05 of 3rd period - Stopped by David Rittich without a rebound.
15:06 of 3rd period - Jonathan Toews wins face-off versus Sean Couturier in Kings zone.
15:06 of 3rd period - Jonathan Toews is hit by Sean Couturier.
15:15 of 3rd period - Oskar Sundqvist is hit by Justin Faulk and loses puck.
15:34 of 3rd period - Shot by Jonathan Toews.
15:34 of 3rd period - Shot Blocked by Justin Faulk.
15:42 of 3rd period - Shot by Sean Couturier.
15:42 of 3rd period - Stopped by David Rittich without a rebound.
15:43 of 3rd period - Mikael Backlund wins face-off versus Bo Horvat in Kings zone.
15:43 of 3rd period - Mikael Backlund is hit by Bo Horvat.
15:53 of 3rd period - Mikael Backlund is hit by Darnell Nurse and loses puck.
16:09 of 3rd period - Minor Penalty to Kyle Palmieri for Roughing.
16:10 of 3rd period - Jonathan Toews wins face-off versus Nate Thompson in Blues zone.
16:15 of 3rd period - Shot by Oskar Sundqvist.
16:15 of 3rd period - Shot Misses the Net.
16:17 of 3rd period - Shot by Travis Sanheim.
16:17 of 3rd period - Goal by Travis Sanheim - Kings : 5 - Blues : 2.
16:18 of 3rd period - Anthony Cirelli wins face-off versus Sean Couturier in neutral zone.
16:18 of 3rd period - Anthony Cirelli is hit by Brad Marchand.
16:23 of 3rd period - Erik Johnson is hit by Justin Faulk and loses puck.
16:42 of 3rd period - Shot by Ryan Strome.
16:42 of 3rd period - Shot Blocked by Justin Faulk.
17:07 of 3rd period - Icing by Justin Faulk.
17:08 of 3rd period - Jonathan Toews wins face-off versus Sean Couturier in Blues zone.
17:31 of 3rd period - Kyle Palmieri is hit by Oskar Sundqvist and loses puck.
17:35 of 3rd period - Dougie Hamilton is hit by Oskar Sundqvist.
17:43 of 3rd period - Shot by Bo Horvat.
17:43 of 3rd period - Shot Blocked by Oskar Sundqvist.
18:33 of 3rd period - Shot by Brian Boyle.
18:33 of 3rd period - Goal by Brian Boyle - Kings : 5 - Blues : 3.
18:34 of 3rd period - Anthony Cirelli wins face-off versus Nate Thompson in neutral zone.
18:43 of 3rd period - Shot by Ryan Strome.
18:43 of 3rd period - Shot Blocked by Justin Faulk.
18:51 of 3rd period - Shot by Drake Batherson.
18:51 of 3rd period - Deflect By Carter Verhaeghe.
18:51 of 3rd period - Stopped by David Rittich without a rebound.
18:52 of 3rd period - Austin Watson wins face-off versus Kyle Turris in Kings zone.
19:32 of 3rd period - Icing by John Moore.
19:33 of 3rd period - Austin Watson wins face-off versus Bo Horvat in Kings zone.
19:33 of 3rd period - Erik Johnson is hit by Kyle Palmieri and loses puck.
Goals for this period are 3 for Kings vs 1 for Blues.
Shots for this period are 11 for Kings vs 20 for Blues.